MID
PEORIA CHIEFS @ DAYTON DRAGONS
05/02/2048
 
TOP OF THE 1ST
Peoria Chiefs batting - Pitching for Dayton Dragons : LHP Josue Silva
Pitching: LHP Josue Silva
Batting: SHB Hank Arias 0-0: SOLO HOME RUN (Flyball, 7D, EV 98.1 MPH), Distance : 376 ft
Batting: RHB Tommy Tracy 0-0: Ball
1-0: Called Strike
1-1: Ground out 6-3 (Groundball, 6, EV 100.6 MPH)
Batting: SHB Gerardo Macias 0-0: Called Strike
0-1: SINGLE (Line Drive, 8LS, EV 101.2 MPH)
Batting: RHB Chris Norris 0-0: Ball
1-0: Ball
2-0: Ball
3-0: Base on Balls
Gerardo Macias to second
Batting: RHB Edgar Landim 0-0: Ball
1-0: SINGLE (Flyball, 3D, EV 88.8 MPH)
Gerardo Macias to third
Chris Norris to second
Batting: LHB Ken Morehead 0-0: Called Strike
0-1: Foul Ball, location: 2F
0-2: Ball
1-2: Strikes out swinging
Batting: RHB Alex Melgoza 0-0: Fly out, F7 (Line Drive, 78M, EV 85.6 MPH)
Top of the 1st over - 1 run, 3 hits, 0 errors, 3 left on base; Peoria 1 - Dayton 0
BOTTOM OF THE 1ST
Dayton Dragons batting - Pitching for Peoria Chiefs : LHP Dan Poirier
Pitching: LHP Dan Poirier
Batting: LHB Leo Gomez 0-0: Swinging Strike
0-1: Ball
1-1: Foul Ball, location: 2F
1-2: Ground out 5-3 (Groundball, 5, EV 100.6 MPH)
Batting: RHB Mark Williams 0-0: Called Strike
0-1: Ground out 5-3 (Groundball, 56, EV 85.6 MPH)
Batting: RHB Andy Bachman 0-0: Ball
1-0: Ball
2-0: Called Strike
2-1: Swinging Strike
2-2: Fly out, F9 (Flyball, 9, EV 91.2 MPH)
Bottom of the 1st over - 0 runs, 0 hits, 0 errors, 0 left on base; Peoria 1 - Dayton 0
TOP OF THE 2ND
Peoria Chiefs batting - Pitching for Dayton Dragons : LHP Josue Silva
Batting: RHB Herbert Loveless 0-0: Ball
1-0: Ball
2-0: Ball
3-0: Base on Balls
Batting: RHB Richard Riggs 0-0: Ball
1-0: Fielders Choice at 2nd, 6-4 (Groundball, 6, EV 87.5 MPH)
Batting: SHB Hank Arias 0-0: Fly out, F8 (Flyball, 78XD, EV 88.1 MPH)
Batting: RHB Tommy Tracy 0-0: Foul Ball, location: 2F
0-1: Fly out, F7 (Line Drive, 7S, EV 106.9 MPH)
Top of the 2nd over - 0 runs, 0 hits, 0 errors, 1 left on base; Peoria 1 - Dayton 0
BOTTOM OF THE 2ND
Dayton Dragons batting - Pitching for Peoria Chiefs : LHP Dan Poirier
Batting: RHB Jake Savell 0-0: Ball
1-0: Fly out, F8 (Flyball, 89D, EV 80.6 MPH)
Batting: RHB Juan Zamora 0-0: Swinging Strike
0-1: Ball
1-1: Ground out 4-3 (Groundball, 4, EV 93.8 MPH)
Batting: LHB Matt Kennedy 0-0: Swinging Strike
0-1: Ball
1-1: Ball
2-1: Fly out, F9 (Flyball, 9S, EV 91.2 MPH)
Bottom of the 2nd over - 0 runs, 0 hits, 0 errors, 0 left on base; Peoria 1 - Dayton 0
TOP OF THE 3RD
Peoria Chiefs batting - Pitching for Dayton Dragons : LHP Josue Silva
Batting: SHB Gerardo Macias 0-0: Ball
1-0: Swinging Strike
1-1: Foul Ball, location: 2F
1-2: Ball
2-2: Ball
3-2: Strikes out looking
Batting: RHB Chris Norris 0-0: Called Strike
0-1: Foul Ball, location: 2F
0-2: Ball
1-2: Ball
2-2: Ball
3-2: Base on Balls
Batting: RHB Edgar Landim 0-0: Ball
1-0: Ball
2-0: DOUBLE (Flyball, 78D, EV 99.4 MPH)
Chris Norris to third
Batting: LHB Ken Morehead 0-0: Ball
1-0: Called Strike
1-1: Ball
2-1: Ball
3-1: Base on Balls
Batting: RHB Alex Melgoza 0-0: Ball
1-0: Swinging Strike
1-1: Ball
2-1: Ball
3-1: Called Strike
3-2: Foul Ball, location: 2F
3-2: Strikes out swinging
Batting: RHB Herbert Loveless 0-0: Called Strike
0-1: Ball
1-1: Foul Ball, location: 2F
1-2: Foul Ball, location: 2F
1-2: Ball
2-2: Ground out U3 (Groundball, 34, EV 105.6 MPH)
Top of the 3rd over - 0 runs, 1 hit, 0 errors, 3 left on base; Peoria 1 - Dayton 0
BOTTOM OF THE 3RD
Dayton Dragons batting - Pitching for Peoria Chiefs : LHP Dan Poirier
Batting: RHB Ernie Maldonado 0-0: Called Strike
0-1: Ball
1-1: Fly out, F7 (Flyball, 78S, EV 88.8 MPH)
Batting: RHB Yutaka Sato 0-0: Swinging Strike
0-1: Ground out 6-3 (Groundball, 6, EV 95.6 MPH)
Batting: LHB Gabe Morales 0-0: Called Strike
0-1: Ball
1-1: Foul Ball, location: 2F
1-2: Foul Ball, location: 2F
1-2: Strikes out swinging
Bottom of the 3rd over - 0 runs, 0 hits, 0 errors, 0 left on base; Peoria 1 - Dayton 0
TOP OF THE 4TH
Peoria Chiefs batting - Pitching for Dayton Dragons : LHP Josue Silva
Batting: RHB Richard Riggs 0-0: Foul Ball, location: 2F
0-1: Ball
1-1: Called Strike
1-2: Fly out, F9 (Line Drive, 9S, EV 86.9 MPH)
Batting: SHB Hank Arias 0-0: Foul Ball, location: 2F
0-1: Foul Ball, location: 2F
0-2: Ball
1-2: Ball
2-2: Ball
3-2: Foul Ball, location: 2F
3-2: Foul Ball, location: 2F
3-2: Base on Balls
Batting: RHB Tommy Tracy 0-0: Ball
1-0: Called Strike
Hank Arias steals 2nd base (no throw)
1-1: Swinging Strike
1-2: 2-RUN HOME RUN (Flyball, 7D, EV 94.4 MPH), Distance : 354 ft
Batting: SHB Gerardo Macias 0-0: Called Strike
0-1: Ball
1-1: Foul Ball, location: 2F
1-2: Strikes out swinging
Batting: RHB Chris Norris 0-0: Called Strike
0-1: Ball
1-1: Foul Ball, location: 2F
1-2: Ball
2-2: Ball
3-2: Foul Ball, location: 2F
3-2: Strikes out swinging, 2-3 out at first.
Top of the 4th over - 2 runs, 1 hit, 0 errors, 0 left on base; Peoria 3 - Dayton 0
BOTTOM OF THE 4TH
Dayton Dragons batting - Pitching for Peoria Chiefs : LHP Dan Poirier
Batting: LHB Leo Gomez 0-0: Foul Ball, location: 2F
0-1: Ball
1-1: Foul Ball, location: 2F
1-2: Ball
2-2: Fly out, F8 (Flyball, 78D, EV 105.6 MPH)
Batting: RHB Mark Williams 0-0: Called Strike
0-1: Ball
1-1: Ball
2-1: Foul Ball, location: 2F
2-2: Ball
3-2: Strikes out looking
Batting: RHB Andy Bachman 0-0: Ground out 4-3 (Groundball, 4S, EV 79.4 MPH)
Bottom of the 4th over - 0 runs, 0 hits, 0 errors, 0 left on base; Peoria 3 - Dayton 0
TOP OF THE 5TH
Peoria Chiefs batting - Pitching for Dayton Dragons : LHP Josue Silva
Batting: RHB Edgar Landim 0-0: Swinging Strike
0-1: Ball
1-1: Foul Ball, location: 2F
1-2: Ball
2-2: Strikes out swinging
Pitching: RHP Aaron McArdle
Batting: LHB Ken Morehead 0-0: Ball
1-0: Ball
2-0: Foul Ball, location: 2F
2-1: Ground out 4-3 (Groundball, 4, EV 86.9 MPH)
Batting: RHB Alex Melgoza 0-0: Ball
1-0: Foul Ball, location: 2F
1-1: Foul Ball, location: 2F
1-2: Ball
2-2: Foul Ball, location: 2F
2-2: Ball
3-2: Base on Balls
Batting: RHB Herbert Loveless 0-0: Called Strike
0-1: Ball
1-1: Foul Ball, location: 2F
1-2: Foul Ball, location: 2F
1-2: Strikes out swinging, 2-3 out at first.
Top of the 5th over - 0 runs, 0 hits, 0 errors, 1 left on base; Peoria 3 - Dayton 0
BOTTOM OF THE 5TH
Dayton Dragons batting - Pitching for Peoria Chiefs : LHP Dan Poirier
Batting: RHB Jake Savell 0-0: Foul Ball, location: 2F
0-1: Swinging Strike
0-2: Ball
1-2: Ball
2-2: Strikes out looking
Batting: RHB Juan Zamora 0-0: Called Strike
0-1: Called Strike
0-2: SINGLE (Groundball, 5S, EV 73.1 MPH) (infield hit)
Batting: LHB Matt Kennedy 0-0: Ball
1-0: Called Strike
1-1: SINGLE (Flyball, 4D, EV 96.9 MPH)
Juan Zamora to second
Batting: RHB Ernie Maldonado 0-0: Ball
Juan Zamora steals 3rd base
1-0: Ball
2-0: Called Strike
2-1: SINGLE (Groundball, 6MD, EV 98.8 MPH)
Juan Zamora scores
Matt Kennedy to second
Batting: RHB Yutaka Sato 0-0: Grounds into double play, 5-4-3 (Groundball, 56, EV 88.1 MPH)
Bottom of the 5th over - 1 run, 3 hits, 0 errors, 1 left on base; Peoria 3 - Dayton 1
TOP OF THE 6TH
Peoria Chiefs batting - Pitching for Dayton Dragons : RHP Aaron McArdle
Batting: RHB Richard Riggs 0-0: Ground out 3-1 (Groundball, 34, EV 78.8 MPH)
Batting: SHB Hank Arias 0-0: Fly out, F9 (Flyball, 89S, EV 88.1 MPH)
Batting: RHB Tommy Tracy 0-0: Ground out 6-3 (Groundball, 6, EV 89.4 MPH)
Top of the 6th over - 0 runs, 0 hits, 0 errors, 0 left on base; Peoria 3 - Dayton 1
BOTTOM OF THE 6TH
Dayton Dragons batting - Pitching for Peoria Chiefs : LHP Dan Poirier
Batting: LHB Gabe Morales 0-0: Foul Ball, location: 2F
0-1: Foul Ball, location: 2F
0-2: Strikes out looking
Batting: LHB Leo Gomez 0-0: Called Strike
0-1: Ball
1-1: Swinging Strike
1-2: SINGLE (Groundball, 6S, EV 69.4 MPH) (infield hit)
Batting: RHB Mark Williams 0-0: Foul Ball, location: 2F
0-1: Swinging Strike
0-2: Ball
1-2: Ball
2-2: Fielders Choice at 2nd, 5-4 (Groundball, 56, EV 105.0 MPH)
Batting: RHB Andy Bachman 0-0: Called Strike
0-1: Ball
1-1: Foul Ball, location: 2F
1-2: Foul Ball, location: 2F
1-2: Foul Ball, location: 2F
1-2: Ball
Mark Williams is caught stealing 2nd base 2-4
Bottom of the 6th over - 0 runs, 1 hit, 0 errors, 0 left on base; Peoria 3 - Dayton 1
TOP OF THE 7TH
Peoria Chiefs batting - Pitching for Dayton Dragons : RHP Aaron McArdle
Pitching: RHP Brian Trejo
Batting: SHB Gerardo Macias 0-0: Ball
1-0: Ball
2-0: Called Strike
2-1: Ground out 4-3 (Groundball, 34D, EV 98.1 MPH)
Batting: RHB Chris Norris 0-0: Foul Ball, location: 2F
0-1: Ball
1-1: Ground out 6-3 (Groundball, 6M, EV 87.5 MPH)
Batting: RHB Edgar Landim 0-0: Swinging Strike
0-1: Ball
1-1: Ball
2-1: Foul Ball, location: 2F
2-2: Ground out 3-1 (Groundball, 34, EV 103.8 MPH)
Top of the 7th over - 0 runs, 0 hits, 0 errors, 0 left on base; Peoria 3 - Dayton 1
BOTTOM OF THE 7TH
Dayton Dragons batting - Pitching for Peoria Chiefs : LHP Dan Poirier
Batting: RHB Andy Bachman 0-0: Ball
1-0: Called Strike
1-1: Ball
2-1: Swinging Strike
2-2: Ball
3-2: Base on Balls
Batting: RHB Jake Savell 0-0: Ball
1-0: Ball
2-0: 2-RUN HOME RUN (Flyball, 9D, EV 95.0 MPH), Distance : 363 ft
Batting: RHB Juan Zamora 0-0: Ball
1-0: Called Strike
1-1: Foul Ball, location: 2F
1-2: Ball
2-2: Ball
3-2: Foul Ball, location: 2F
3-2: Base on Balls
Pinch Hitting: RHB Chris Zamora 0-0: Ball
1-0: Foul Ball, location: 2F
1-1: Called Strike
1-2: Ball
2-2: SINGLE (Line Drive, 8LS, EV 101.2 MPH)
Juan Zamora to second
Batting: RHB Ernie Maldonado 0-0: Ball
1-0: Foul Ball, location: 2F
1-1: Swinging Strike
1-2: Foul Ball, location: 2F
1-2: Strikes out swinging
Batting: RHB Yutaka Sato 0-0: Called Strike
0-1: Foul Ball, location: 2F
0-2: Ball
1-2: SINGLE (Flyball, 34D, EV 92.5 MPH)
Juan Zamora to third
Chris Zamora to second
Pitching: RHP Eric Hudson
Pinch Hitting: LHB Jeremy Robertson 0-0: Fly out, F8 (Flyball, 8RD, EV 97.5 MPH)
Batting: LHB Leo Gomez 0-0: Ball
1-0: Called Strike
1-1: Ball
Wild Pitch!
Juan Zamora scores
Chris Zamora to third
Yutaka Sato to second
2-1: Foul Ball, location: 2F
2-2: DOUBLE (Flyball, 8RXD, EV 113.1 MPH)
Chris Zamora scores
Yutaka Sato scores
Batting: RHB Mark Williams 0-0: Foul Ball, location: 2F
0-1: Called Strike
0-2: Fly out, F8 (Line Drive, 8LM, EV 97.5 MPH)
Bottom of the 7th over - 5 runs, 4 hits, 0 errors, 1 left on base; Peoria 3 - Dayton 6
TOP OF THE 8TH
Peoria Chiefs batting - Pitching for Dayton Dragons : RHP Brian Trejo
Now at 1B: Yutaka Sato
Now at 2B: Juan Zamora
Now at 3B: Chris Zamora
Now at SS: Jeremy Robertson
Now in LF: Tim Kirk
Now in CF: Chris Redhead
Now in RF: Leo Gomez
Batting: LHB Ken Morehead 0-0: Ball
1-0: Ball
2-0: Called Strike
2-1: Ball
3-1: Foul Ball, location: 2F
3-2: Strikes out looking
Batting: RHB Alex Melgoza 0-0: Ball
1-0: Called Strike
1-1: Ball
2-1: Ground out 4-3 (Groundball, 4, EV 89.4 MPH)
Batting: RHB Herbert Loveless 0-0: Called Strike
0-1: Ball
1-1: Foul Ball, location: 2F
1-2: Ball
2-2: Ball
3-2: SINGLE (Groundball, 56D, EV 108.1 MPH)
Batting: RHB Richard Riggs 0-0: Called Strike
0-1: Called Strike
0-2: Ball
1-2: Ball
2-2: Strikes out swinging
Top of the 8th over - 0 runs, 1 hit, 0 errors, 1 left on base; Peoria 3 - Dayton 6
BOTTOM OF THE 8TH
Dayton Dragons batting - Pitching for Peoria Chiefs : RHP Eric Hudson
Batting: RHB Andy Bachman 0-0: Called Strike
0-1: Ball
1-1: Foul Ball, location: 2F
1-2: Ball
2-2: Ball
3-2: Foul Ball, location: 2F
3-2: Foul Ball, location: 2F
3-2: SOLO HOME RUN (Flyball, 7D, EV 95.6 MPH), Distance : 365 ft
Batting: LHB Chris Redhead 0-0: Ball
1-0: Ball
2-0: Ball
3-0: Base on Balls
Batting: RHB Juan Zamora 0-0: Called Strike
0-1: Ball
1-1: Foul Ball, location: 2F
1-2: Foul Ball, location: 2F
1-2: Strikes out swinging
Batting: RHB Chris Zamora 0-0: Called Strike
0-1: Ball
1-1: Swinging Strike
1-2: Strikes out swinging
Batting: RHB Ernie Maldonado 0-0: Called Strike
0-1: Foul Ball, location: 2F
0-2: Ball
1-2: Foul Ball, location: 2F
1-2: Ball
2-2: Ball
3-2: Fly out, F8 (Line Drive, 8LM, EV 89.4 MPH)
Bottom of the 8th over - 1 run, 1 hit, 0 errors, 1 left on base; Peoria 3 - Dayton 7
TOP OF THE 9TH
Peoria Chiefs batting - Pitching for Dayton Dragons : RHP Brian Trejo
Pitching: RHP Ken Armstrong
Now at 2B: Aaron Barraza
Now at SS: Juan Zamora
Batting: SHB Hank Arias 0-0: Called Strike
0-1: Ball
1-1: Swinging Strike
1-2: Strikes out swinging
Batting: RHB Tommy Tracy 0-0: Foul Ball, location: 2F
0-1: Ball
1-1: Ball
2-1: Ball
3-1: Ground out 6-3 (Groundball, 6, EV 92.5 MPH)
Batting: SHB Gerardo Macias 0-0: Called Strike
0-1: Ball
1-1: Foul Ball, location: 2F
1-2: Ball
2-2: Foul Ball, location: 2F
2-2: Foul Ball, location: 2F
2-2: SINGLE (Groundball, 4MD, EV 105.6 MPH)
Batting: RHB Chris Norris 0-0: Ground out 5-3 (Groundball, 5S, EV 79.4 MPH)
Top of the 9th over - 0 runs, 1 hit, 0 errors, 1 left on base; Peoria 3 - Dayton 7
Tuesday, March 28th , 2023 - OOTP Baseball 23.10 Build 110